Map: Gresvan LE

Players

Nikis

  • Race: Protoss Protoss
  • League: Master
  • Spawn Location: 5:00

ЗЗЗHalfEvil - Winner!

  • Race: Terran Terran
  • League: Master
  • Spawn Location: 11:00

VOD

Have the link to the VOD?

Description

Time

  • Played on: April 15, 2023, 11:12 p.m.
  • Length: 6:07
Show
View Real Time Build Order
Export as new Build Order

Nikis Protoss 

Build Orders: 1 Gate Expand 

Get SALT Encoding   

  12  0:00  Probe  
  13  0:12  Probe  
  14  0:21  Pylon  
  14  0:24  Probe  
  15  0:39  Probe (Chrono Boost), Gateway  
  17  0:50  Probe (Chrono Boost)  
  17  0:51  Assimilator  
  17  0:55  Probe (Chrono Boost)  
  18  1:05  Probe  
  19  1:18  Probe  
  20  1:26  Cybernetics Core  
  20  1:34  Nexus  
  20  1:38  Probe  
  20  1:43  Pylon  
  20  1:48  Assimilator  
  20  1:55  Probe  
  20  1:59  Stalker (Chrono Boost)  
  21  2:08  Probe  
  24  2:20  Probe  
  24  2:22  Stalker  
  27  2:32  Probe  
  28  2:40  Twilight Council  
  29  2:44  Probe  
  29  2:45  Pylon  
  29  2:48  Probe  
  30  2:52  Stalker  
  30  2:56  Probe  
  33  3:00  Probe  
  33  3:03  Warp Gate  
  34  3:10  Robotics Facility  
  34  3:11  Probe (Chrono Boost)  
  35  3:12  Probe (Chrono Boost)  
  36  3:22  Probe (Chrono Boost)  
  36  3:24  Probe (Chrono Boost)  
  38  3:27  Probe (Chrono Boost)  
  38  3:32  Probe  
  40  3:36  Shield Battery  
  40  3:37  Shield Battery  
  40  3:43  Probe  
  39  3:59  Probe  
  39  4:07  Immortal (Chrono Boost)  
  39  4:08  Probe  
  36  4:11  Probe  
  39  4:20  Probe  
  39  4:22  Pylon  
  40  4:37  Immortal (Chrono Boost)  
  40  4:39  Probe  
  40  4:40  Probe  
  46  4:47  Shield Battery  
  46  4:51  Stalker  
  46  4:52  Probe x2  
  50  5:06  Nexus  
  50  5:09  Pylon  
  50  5:13  Observer  
  51  5:15  Assimilator  
  51  5:17  Assimilator  
  51  5:19  Sentry  
  51  5:20  Probe  
  54  5:27  Probe  
  55  5:28  Gateway  
  55  5:30  Gateway  
  55  5:34  Gateway  
  55  5:39  Gateway  
  55  5:42  Pylon  
  55  5:44  Probe  
  55  5:47  Probe  
  57  5:51  Stalker  
Show
View Real Time Build Order
Export as new Build Order

ЗЗЗHalfEvil Terran - Winner!

Build Orders:  

Get SALT Encoding   

  12  0:00  SCV  
  13  0:12  SCV  
  14  0:17  Supply Depot  
  14  0:24  SCV  
  15  0:39  SCV  
  15  0:40  Barracks  
  16  0:45  Refinery  
  16  0:51  SCV  
  17  1:03  SCV  
  18  1:15  SCV  
  19  1:27  Orbital Command, Marine  
  20  1:43  Command Center  
  20  1:46  Barracks Tech Lab  
  20  1:56  Supply Depot  
  20  1:57  SCV  
  21  2:05  Concussive Shells  
  21  2:07  Marauder  
  23  2:18  SCV  
  24  2:27  Barracks  
  24  2:29  Marauder  
  26  2:30  SCV  
  27  2:40  Barracks  
  27  2:42  SCV  
  28  2:48  Engineering Bay  
  28  2:51  Marine  
  29  2:54  SCV  
  30  3:01  Orbital Command  
  30  3:07  SCV  
  30  3:09  Marine  
  32  3:14  Barracks Reactor  
  32  3:19  SCV  
  33  3:26  Marine  
  34  3:27  Barracks Tech Lab  
  33  3:38  SCV  
  33  3:45  Marauder  
  34  3:52  SCV  
  34  3:53  Marine x2  
  34  3:54  Marauder  
  31  4:03  SCV  
  31  4:09  Marauder  
  29  4:18  Stimpack  
  29  4:21  SCV x2  
  31  4:26  Marauder, Marine  
  31  4:28  Marine  
  31  4:29  Marine  
  36  4:34  SCV x2  
  38  4:40  Combat Shield  
  38  4:44  Supply Depot  
  38  4:46  SCV x2  
  38  4:47  Marine  
  38  4:49  Marine  
  38  4:51  Marine  
  38  4:52  Marine  
  44  4:58  SCV x2  
  46  5:00  Missile Turret  
  46  5:05  Marine  
  47  5:07  Marine  
  47  5:08  Marine  
  47  5:09  Marine  
  50  5:14  SCV  
  50  5:15  SCV, Factory  
  50  5:20  Supply Depot  
  50  5:21  Bunker  
  52  5:26  SCV  
  52  5:27  SCV, Refinery  
  54  5:34  Refinery  
  54  5:42  SCV x2, Marine x4  
  60  5:44  Supply Depot  
  60  5:50  Supply Depot  
  60  5:54  SCV  
Tags
 
Matchup
ПvТ
Spawn Locations
Cross Positions
Add a new tag
Caveats
  • Supply blocks, unpowered buildings, or Contaminate may cause inaccurate times.
  • Supply counts are checked every 10 seconds.